Map: Dusk Towers

Players

ILLBdA - Winner!

  • Race: Protoss Protoss
  • League: Diamond

아이어의구원자

  • Race: Terran Terran
  • League: Master

VOD

Have the link to the VOD?

Description

Time

  • Played on: Dec. 17, 2015, 11:04 a.m.
  • Length: 7:49
Show
View Real Time Build Order
Export as new Build Order

ILLBdA Protoss - Winner!

Build Orders: Cannon Rush 

Get SALT Encoding   

  12  0:01  Probe (Chrono Boost)  
  13  0:11  Probe (Chrono Boost)  
  14  0:18  Pylon  
  14  0:22  Probe (Chrono Boost)  
  15  0:36  Probe (Chrono Boost)  
  15  0:38  Forge  
  16  0:46  Probe (Chrono Boost)  
  18  0:57  Probe (Chrono Boost)  
  18  1:07  Probe (Chrono Boost)  
  19  1:14  Pylon x2  
  19  1:18  Pylon  
  19  1:37  Photon Cannon  
  19  1:38  Photon Cannon  
  19  1:42  Photon Cannon  
  19  1:49  Photon Cannon  
  19  1:53  Pylon  
  19  1:59  Pylon  
  19  2:19  Photon Cannon  
  19  2:26  Photon Cannon  
  19  2:30  Photon Cannon  
  19  2:36  Photon Cannon  
  19  2:41  Photon Cannon  
  19  2:50  Gateway  
  19  2:53  Pylon  
  19  2:58  Photon Cannon  
  19  3:03  Photon Cannon  
  18  3:23  Probe (Chrono Boost)  
  18  3:25  Assimilator  
  19  3:30  Assimilator  
  19  3:31  Pylon  
  19  3:34  Pylon  
  19  3:35  Pylon  
  19  3:36  Pylon  
  21  3:41  Zealot (Chrono Boost)  
  21  3:46  Cybernetics Core  
  20  3:50  Probe (Chrono Boost)  
  21  3:59  Photon Cannon  
  21  4:02  Probe  
  24  4:22  Stalker (Chrono Boost)  
  24  4:26  Warp Gate (Chrono Boost)  
  24  4:28  Gateway  
  24  4:30  Probe  
  23  4:44  Probe  
  24  4:46  Robotics Facility  
  24  4:49  Adept (Chrono Boost)  
  26  5:05  Probe  
  27  5:12  Adept (Chrono Boost)  
  29  5:20  Adept (Chrono Boost)  
  32  5:29  Mothership Core  
  32  5:34  Warp Prism (Chrono Boost)  
  35  5:36  Adept  
  37  5:46  Adept  
  39  6:21  Pylon  
  39  6:33  Pylon  
  39  6:35  Probe  
  39  6:36  Observer (Chrono Boost)  
  37  6:44  Adept x2  
  41  6:47  Pylon x2  
  41  6:51  Pylon  
  41  6:53  Pylon  
  41  6:55  Immortal (Chrono Boost)  
  45  7:03  Photon Cannon  
  43  7:13  Adept x2  
  47  7:31  Probe  
  46  7:39  Nexus  
Show
View Real Time Build Order
Export as new Build Order

아이어의구원자 Terran 

Build Orders:  

Get SALT Encoding   

  12  0:04  SCV  
  13  0:16  SCV  
  14  0:21  Supply Depot  
  14  0:29  SCV  
  15  0:43  SCV  
  15  0:45  Barracks  
  15  0:47  Refinery  
  16  0:55  SCV  
  17  1:07  SCV  
  18  1:19  SCV  
  19  1:31  SCV  
  20  1:36  Marine  
  20  1:37  Bunker  
  21  1:43  SCV  
  22  1:54  Marine  
  23  2:08  SCV  
  17  3:57  Supply Depot  
  17  4:04  Bunker  
  17  4:07  Refinery  
  17  4:10  Factory  
  14  4:35  Marine  
  15  4:39  Orbital Command  
  15  4:44  Supply Depot  
  14  4:53  Marine  
  14  4:54  Supply Depot  
  15  5:04  Factory Reactor  
  15  5:06  Widow Mine  
  17  5:07  SCV  
  18  5:20  Refinery  
  17  5:30  SCV  
  17  5:35  Starport  
  18  5:42  SCV, Widow Mine  
  21  5:54  SCV  
  20  6:06  Liberator  
  19  6:11  Hellion  
  20  7:00  SCV  
  20  7:12  SCV  
Tags
 
Matchup
PvT
Replay Pack
me
Add a new tag
Caveats
  • Supply blocks, unpowered buildings, or Contaminate may cause inaccurate times.
  • Supply counts are checked every 10 seconds.